 Dungeon Crawl Stone Soup version 0.15.2 (webtiles) character file.

735 Threk the Comforter (level 7, -1/61 HPs)
             Began as a Deep Dwarf Healer on Mar 19, 2015.
             Was an Initiate of Elyvilon.
             Slain by a goliath beetle (20 damage)
             ... on Level 6 of the Dungeon on Mar 20, 2015.
             The game lasted 01:43:59 (3622 turns).

Threk the Comforter (Deep Dwarf Healer)             Turns: 3622, Time: 01:43:59

HP  -1/61        AC 12     Str 18      XL: 7   Next: 45%
MP   5/16        EV  2     Int 12      God: Elyvilon [......]
Gold 275         SH  9     Dex 12      Spells:  0 memorised,  6 levels left

rFire  . . .     SeeInvis .     f - +0 flail (crush)
rCold  . . .     Clarity  .     o - +0 plate armour
rNeg   . . .     rCorr    .     s - +0 shield
rPois  .         rRot     .     (no helmet)
rElec  .         Spirit   .     (no cloak)
SustAb .         Warding  .     (no gloves)
rMut   .         Stasis   .     j - +0 pair of boots
Gourm  .                        (no amulet)
MR     +....                    (no ring)
                                (no ring)

@: non-regenerating, somewhat resistant to hostile enchantments, extremely
unstealthy
A: damage resistance, recharge devices, sense surroundings 1, slow healing 3
a: Device Recharging, Lesser Healing, Renounce Religion


You were on level 6 of the Dungeon.
You worshipped Elyvilon.
Elyvilon was noncommittal.
You were not hungry.

You visited 1 branch of the dungeon, and saw 6 of its levels.

You collected 275 gold pieces.

Inventory:

Hand weapons
 e - a +0 dagger
 f - a +0 flail of crushing (weapon)
 n - a +0 whip of holy wrath
 y - a +0 club
 B - a +0 trident
 G - a cursed -2 halberd
Armour
 a - a +1 robe
 g - a +0 ring mail
 j - a +0 pair of boots (worn)
 o - a +0 plate armour (worn)
 s - a +0 shield (worn)
 v - a cursed +0 leather armour
Magical devices
 d - a wand of heal wounds (0)
Comestibles
 l - 2 rotting chunks of orc flesh
 m - a royal jelly
Scrolls
 c - a scroll of enchant armour {unknown}
 q - 2 scrolls of amnesia
 r - a scroll of magic mapping {unknown}
 t - a scroll of immolation {unknown}
 u - a scroll of recharging {unknown}
 C - a scroll of teleportation {unknown}
Jewellery
 i - an uncursed ring of teleportation
Potions
 b - 7 potions of curing
 h - a potion of cure mutation {unknown}
 k - 5 potions of might
 x - a potion of confusion {unknown}
 z - a potion of brilliance {unknown}
 A - a potion of lignification {unknown}
Books
 w - a book of Hinderance

   Spells                             Type                      Level
   Confusing Touch                    Hexes                        2
   Confuse                            Hexes                        3
   Petrify                            Transmutation/Earth          4
   Leda's Liquefaction                Hexes/Earth                  4
   Metabolic Englaciation             Hexes/Ice                    5
   Summon Mana Viper                  Hexes/Summoning              5
 D - a book of Enchantments

   Spells                             Type                      Level
   Tukima's Dance                     Hexes                        3
   Cause Fear                         Hexes                        4
   Silence                            Hexes/Air                    5
   Deflect Missiles                   Charms/Air                   6
   Haste                              Charms                       6
   Discord                            Hexes                        8


   Skills:
 + Level 2.8 Fighting
 + Level 0.1 Short Blades
 + Level 1.3 Maces & Flails
 + Level 3.3 Armour
 + Level 4.0 Dodging
 + Level 1.5 Stealth
 + Level 2.9 Shields
 + Level 7.2 Invocations
 + Level 1.3 Evocations


You had 6 spell levels left.
You didn't know any spells.

Dungeon Overview and Level Annotations

Branches:
Dungeon (6/15)
 Temple: D:4-7

Altars:
Vehumet
The Shining One


Innate Abilities, Weirdness & Mutations

You are resistant to damage.
You can recharge devices by infusing magical energy.
You passively map a small area around you.
You do not heal naturally.


Message History

The goliath beetle is moderately wounded.
The goliath beetle completely misses you.
You hit the goliath beetle.
The goliath beetle is moderately wounded.
Your shield and plate armour prevent you from hitting the goliath beetle.
The goliath beetle is moderately wounded.
The goliath beetle bites you!!
Use which ability? (? or * to list)
You can't do that.
Use which ability? (? or * to list)
Okay, then.
You hit the goliath beetle but do no damage.
The goliath beetle is moderately wounded.
You block the goliath beetle's attack.
You thump the goliath beetle!
The goliath beetle is heavily wounded.
You hit the goliath beetle.
The goliath beetle is heavily wounded.
The goliath beetle bites you!!
You die...

> * . , , , *, .
* , * , #. , , ,
, , #.#### *####
**####..#.##....#
* ,,
.......B.....# *
#######@# *
#.......# * , ,
** #.####### , *
* #.#### , , *
#.#..#,* * ,
#.#..# ,#.#.<#,*
,#.##.# * *
#.##.# **


You could see a goliath beetle.

Vanquished Creatures
  The ghost of Demosins the Ruffian, an average TrCK of Makhleb (D:4)
  A phantom (D:4)
  3 orc priests (D:5)
  3 crimson imps (D:5)
  An orc wizard (D:5)
  2 worker ants
  8 gnolls
  A shadow imp (D:5)
  An inept item mimic (D:3)
  A worm (D:2)
  A giant mite (D:2)
  A giant gecko (D:1)
  An orc (D:5)
  A ball python (D:5)
  A bat skeleton (D:4)
  A ball python skeleton (D:4)
  3 giant cockroaches
  2 goblin skeletons (D:5)
  3 hobgoblin zombies (D:5)
  A kobold (D:4)
  2 kobold skeletons (D:5)
  2 kobold zombies (D:5)
  An orc skeleton (D:5)
  An orc zombie (D:5)
  A rat (D:1)
  A rat skeleton (D:4)
45 creatures vanquished.

Vanquished Creatures (others)
  An adder (D:4)
  2 gnolls
  A shadow imp (D:5)
  A giant gecko (D:5)
  An ooze (D:3)
  An orc (D:5)
  A bat (D:2)
  A jackal (D:2)
9 creatures vanquished.

Grand Total: 54 creatures vanquished

Notes
Turn   | Place    | Note
--------------------------------------------------------------
     0 | D:1      | Threk, the Deep Dwarf Healer, began the quest for the Orb.
     0 | D:1      | Reached XP level 1. HP: 16/16 MP: 2/2
   422 | D:1      | Reached skill level 4 in Invocations
   564 | D:1      | Reached XP level 2. HP: 22/24 MP: 4/4
   813 | D:2      | Reached XP level 3. HP: 30/30 MP: 3/6
   900 | D:2      | Reached skill level 1 in Fighting
   900 | D:2      | Reached skill level 5 in Invocations
   981 | D:2      | Reached skill level 1 in Stealth
  1241 | D:3      | Reached skill level 1 in Armour
  1241 | D:3      | Reached XP level 4. HP: 36/38 MP: 8/8
  2034 | D:4      | Reached XP level 5. HP: 44/44 MP: 6/10
  2065 | D:4      | Noticed Demosins' ghost (average TrCK)
  2176 | D:4      | Reached skill level 1 in Shields
  2256 | D:4      | Killed Demosins' ghost
  2256 | D:4      | Reached skill level 6 in Invocations
  2256 | D:4      | Reached skill level 1 in Evocations
  2256 | D:4      | Reached XP level 6. HP: 39/52 MP: 0/13
  2300 | D:4      | Noticed a phantom
  2323 | D:4      | Killed a phantom
  2538 | D:5      | Entered Level 5 of the Dungeon
  2599 | D:5      | Found a radiant altar of Vehumet.
  2687 | D:5      | Found a glowing golden altar of the Shining One.
  2776 | D:5      | Reached skill level 1 in Maces & Flails
  2776 | D:5      | Reached XP level 7. HP: 59/61 MP: 16/16
  3360 | D:5      | Reached skill level 7 in Invocations
  3622 | D:6      | Slain by a goliath beetle

Action                   |  1- 3 |  4- 6 |  7- 9 || total
-------------------------+-------+-------+-------++-------
Melee: Dagger            |    90 |       |       ||    90
       Whip              |       |   222 |       ||   222
       Flail             |       |    67 |   109 ||   176
Invok: Lesser Healing    |    41 |    63 |    29 ||   133
       Lesser Self-Heali |     6 |    38 |    71 ||   115
Evoke: Wand              |       |     5 |       ||     5
  Use: Scroll            |     3 |     2 |     2 ||     7
       Potion            |       |     1 |     1 ||     2
  Eat: Bread ration      |     2 |     3 |       ||     5
       Chunk             |       |     4 |    10 ||    14
       Pizza             |       |     2 |       ||     2
       Beef jerky        |       |       |     2 ||     2
       Meat ration       |       |       |     1 ||     1
